 Dungeon Crawl Stone Soup version 0.31.0-32-g396128a36d (webtiles) character file.

Game seed: 11487696529089340863

653 Econoterrorist the Carver (level 7, -6/60 HPs)
             Began as a Minotaur Fighter on Apr 8, 2024.
             Mangled by an orc warrior
             ... wielding a +0 glaive
              (8 damage)
             ... on level 4 of the Dungeon.
             The game lasted 00:07:18 (3047 turns).

Econoterrorist the Carver (Minotaur Fighter)        Turns: 3047, Time: 00:07:18

Health: -6/60      AC:  8    Str: 21    XL:     7   Next: 28%
Magic:  6/6        EV:  9    Int:  5    God:
Gold:   129        SH:  5    Dex: 11    Spells: 6/6 levels left

rFire   . . .        a - +0 long sword
rCold   . . .        c - +0 buckler
rNeg    . . .        b - +0 scale mail
rPois   .            (helmet restricted)
rElec   .            o - +0 cloak
rCorr   .            (no gloves)
SInv    .            (no boots)
Will    .....        (no amulet) Stlth
                     (no ring)
HPRegen 0.30/turn    (no ring)
MPRegen 0.10/turn

%: no passive effects
@: no status effects
A: horns 2, retaliatory headbutt
a: no special abilities


You were on level 4 of the Dungeon.
You visited 1 branch of the dungeon, and saw 4 of its levels.

You collected 129 gold pieces.

Inventory:

Hand Weapons
 a - a +0 long sword (weapon)
Missiles
 k - a throwing net (quivered)
Armour
 b - a +0 scale mail (worn)
 c - a +0 buckler (worn)
 o - a +0 cloak (worn)
Wands
 q - a wand of roots (5)
Scrolls
 e - a scroll of poison
 f - a scroll of enchant armour {unknown}
 g - 2 scrolls of identify
 i - a scroll of brand weapon {unknown}
 n - 2 scrolls of revelation {unknown}
 p - a scroll of blinking {unknown}
 s - 2 scrolls of fog {unknown}
 t - a scroll of amnesia {unknown}
 u - a scroll of teleportation {unknown}
Potions
 d - a potion of lignification {unknown}
 h - 2 potions of curing
 j - a potion of attraction {unknown}
 l - a potion of berserk rage {unknown}
 m - 2 potions of heal wounds {unknown}
 r - a potion of degeneration {unknown}


   Skills:
 + Level 4.5 Fighting
 + Level 8.5 Long Blades
 + Level 4.6 Armour
 + Level 4.6 Shields


You had 6 spell levels left.
You didn't know any spells.
Your spell library contained the following spells:

 Spells                   Type           Power      Damage    Failure   Level
 Sandblast                Erth           0%         2d4       86%         1
 Shock                    Conj/Air       0%         1d3       86%         1
 Call Canine Familiar     Summ           0%         N/A       99%         3
 Dazzling Flash           Conj/Hex       0%         N/A       99%         3
 Passwall                 Erth           0%         N/A       99%         3
 Sigil of Binding         Hex            0%         N/A       99%         3
 Stone Arrow              Conj/Erth      0%         3d7       99%         3
 Brom's Barrelling Bould  Conj/Erth      0%         2d3       100%        4
 Dimensional Bullseye     Hex/Tloc       0%         N/A       100%        4


Dungeon Overview and Level Annotations

Branches:
Dungeon (4/15)
 Temple: D:4-7

Altars:

Annotations:
D:4 Menkaure


Innate Abilities, Weirdness & Mutations

You have a pair of horns on your head.
You reflexively headbutt those who attack you in melee.


Message History

The hound bites you.
The orc warrior hits you from afar with a +0 glaive!
You hear a shout!
You hit the hound.
The hound is severely wounded.
You hear a shout!
The hound bites you.
The orc warrior hits you from afar with a +0 glaive!
The hound bites you but does no damage.
You barely miss the hound.
The hound is severely wounded.
The hound stops to sniff the ground.
The hound bites you.
The orc warrior hits you but does no damage.
Menkaure, Prince of Dust comes into view.
As you read the scroll labelled HUIMPE CEMUT, it crumbles to dust.
It is a scroll of identify.
e - 2 scrolls of poison The hound barely misses you.
You furiously retaliate!
You headbutt the hound!
You kill the hound!
The orc warrior hits you but does no damage.
The ball python barely misses you. The ball python grabs you.
The ball python constricts you.
The air fills with toxic fumes!
As you read the scroll of poison, it crumbles to dust.
The orc warrior hits you from afar with a +0 glaive!
* * * LOW HITPOINT WARNING * * *
The orc hits you with a +0 club.
* * * LOW HITPOINT WARNING * * *
The ball python bites you but does no damage.
The ball python constricts you.
You slash the ball python!
You kill the ball python!
The orc warrior hits you from afar with a +0 glaive.
* * * LOW HITPOINT WARNING * * *
The orc hits you with a +0 club.
* * * LOW HITPOINT WARNING * * *
You barely miss the orc.
The orc warrior hits you from afar with a +0 glaive!
You die...

#.#### ...... ...... # #.#... ..
. ...... ..#. ..#.#. .#.###
#..... ....#
....#######?#.##########
........[..S#..#@#.#.#.#.
..............#†#o#.#.#.#.
########### #oo#.#M#.#.#.#.
....###)..###§#.#.#.#.#.#.#.
#...##.....##§.#.#.#§#.#.#.#.
#...#.......#.#.#.#.#§#.#.#.#.#!
#...'.......##.#.#o#.§§§.#.#.#.#
#...#.......###.#o#o#.§§#.#.#.#
#...##.....###.#.#.#.....#.#.#


You could see an orc warrior, Menkaure and 2 orcs.

Vanquished Creatures
  Sigmund (D:2)
  Pargi (D:3)
  An ogre (D:4)
  2 bombardier beetles (D:3)
  A hound (D:4)
  Crazy Yiuf (D:3)
  Terence (D:2)
  Robin (D:2)
  A gnoll (D:1)
  6 adders
  A dart slug (D:1)
  A ribbon worm (D:2)
  6 endoplasms
  4 giant cockroaches
  16 goblins
  10 hobgoblins
  3 quokkas (D:4)
  8 ball pythons
  5 bats
  6 frilled lizards
  4 kobolds
  4 rats
84 creatures vanquished.

Notes
Turn   | Place    | Note
-------+----------+-------------------------------------------
     0 | D:1      | Econoterrorist the Minotaur Fighter began the quest for the
                  | Orb.
     0 | D:1      | Reached XP level 1. HP: 19/19 MP: 0/0
   133 | D:1      | Reached skill level 3 in Long Blades
   148 | D:1      | Reached XP level 2. HP: 25/26 MP: 1/1
   401 | D:1      | Reached skill level 4 in Long Blades
   401 | D:1      | Reached XP level 3. HP: 24/31 MP: 2/2
   689 | D:2      | Found a faded altar of an unknown god.
   695 | D:2      | Noticed Sigmund
   874 | D:2      | Killed Sigmund
   875 | D:2      | Reached skill level 7 in Long Blades
   875 | D:2      | Reached XP level 4. HP: 36/39 MP: 3/3
   875 | D:2      | Reached XP level 5. HP: 41/45 MP: 4/4
   924 | D:2      | Got the Papyrus of Bombardment and Mud
  1240 | D:2      | Noticed Robin
  1246 | D:2      | Killed Robin
  1271 | D:2      | Reached XP level 6. HP: 37/51 MP: 5/5
  1878 | D:3      | Found a runed translucent door.
  1879 | D:3      | Noticed Crazy Yiuf
  1891 | D:3      | Killed Crazy Yiuf
  2065 | D:3      | Reached skill level 8 in Long Blades
  2445 | D:3      | Noticed Terence
  2445 | D:3      | Noticed Pargi
  2468 | D:2      | Killed Terence
  2495 | D:3      | Killed Pargi
  2541 | D:3      | Reached XP level 7. HP: 59/59 MP: 6/6
  3043 | D:4      | Noticed Menkaure
  3046 | D:4      | HP: 2/60 [orc/+0 club (4)]
  3047 | D:4      | Mangled by an orc warrior

Illustrated notes

Levels and vault maps discovered:
D:1:      dpeg_arrival_court, layout_basic, grunt_decor_cap
D:2:      layout_basic, nicolae_ecumenical_snake_handling, uniq_sigmund,
          uniq_robin
D:3:      layout_basic, uniq_crazy_yiuf_cottage, uniq_pargi, uniq_terence
D:4:      minmay_opposing_rooms, layout_basic, uniq_menkaure

Skill      XL: |  1  2  3  4  5  6 |
---------------+-------------------+-----
Long Blades    | 3 4 7 8 |  8.5
Armour         | 4 |  4.6
Fighting       | 4 |  4.5
Shields        | 4 |  4.6

Action                     |  1- 3 |  4- 6 |  7- 9 || total
---------------------------+-------+-------+-------++-------
  Melee: Long sword        |    72 |   118 |    38 ||   228
         Headbutt          |     4 |    26 |     6 ||    36
    Use: Potion            |     1 |     1 |       ||     2
         Scroll            |       |       |     2 ||     2
 Armour: Scale mail        |    52 |    77 |    38 ||   167
  Dodge: Dodged            |    37 |    37 |    20 ||    94
  Block: Buckler           |    17 |    22 |    10 ||    49
